TOP OF THE 1ST |
Walla Walla Walleye batting - Pitching for Syracuse Storm : RHP Matthew Fallows
|
Pitching: RHP Matthew Fallows
|
|
Batting: RHB Armaan Ebrahim
|
0-0: Called Strike 0-1: Ball 1-1: Ball 2-1: Swinging Strike 2-2: Strikes out swinging, 2-3 out at first.
|
Batting: RHB Ramón Yniguez
|
0-0: Ball 1-0: Ball 2-0: Ball 3-0: Called Strike 3-1: Foul Ball, location: 2F 3-2: Base on Balls
|
Batting: RHB Luis Delvalle
|
0-0: Ball 1-0: Ball 2-0: Grounds into double play, 4-6-3 (Groundball, 34)
|
Top of the 1st over - 0 run(s), 0 hit(s), 0 error(s), 0 left on base; Walla Walla 0 - Syracuse 0 |
BOTTOM OF THE 1ST |
Syracuse Storm batting - Pitching for Walla Walla Walleye : LHP Ids Knegt
|
Pitching: LHP Ids Knegt
|
|
Batting: LHB Juan Caro
|
0-0: Called Strike 0-1: Swinging Strike 0-2: SINGLE (Groundball, 3) (infield hit)
|
Batting: LHB António Paez
|
0-0: Called Strike 0-1: Called Strike 0-2: Foul Ball, location: 2F 0-2: Ball 1-2: Foul Ball, location: 2F 1-2: Grounds into double play, 3-6-3 (Groundball, 3)
|
Batting: RHB Scotty Smalls
|
0-0: Ball 1-0: Ball 2-0: Fly out, F9 (Flyball, 89M)
|
Bottom of the 1st over - 0 run(s), 1 hit(s), 0 error(s), 0 left on base; Walla Walla 0 - Syracuse 0 |
TOP OF THE 2ND |
Walla Walla Walleye batting - Pitching for Syracuse Storm : RHP Matthew Fallows
|
Batting: LHB Bennett Whitford
|
0-0: Ball 1-0: Swinging Strike 1-1: Called Strike 1-2: Strikes out swinging
|
Batting: RHB Shuichi Saito
|
0-0: Reached on error, E6 (Groundball, 6)
|
Batting: RHB Icarus Giannopolous
|
0-0: Ball 1-0: Ball 2-0: Foul Ball, location: 2F 2-1: Reached on error, E6 (Groundball, 6) Shuichi Saito scores
|
Batting: SHB Carlos Samaniego
|
0-0: Called Strike 0-1: Swinging Strike 0-2: Fly out, F6 (Popup, 56)
|
Batting: RHB Cody Jaeckel
|
0-0: Ball 1-0: Called Strike 1-1: SINGLE (Groundball, 4D) Icarus Giannopolous to third Runner from 3rd tries for Home, SAFE, no throw
|
Batting: RHB Jimmy Fick
|
0-0: Called Strike 0-1: Foul Ball, location: 2F 0-2: Ball 1-2: Fielders Choice at 2nd, 4-6 (Groundball, 4)
|
Top of the 2nd over - 2 run(s), 1 hit(s), 2 error(s), 0 left on base; Walla Walla 2 - Syracuse 0 |
BOTTOM OF THE 2ND |
Syracuse Storm batting - Pitching for Walla Walla Walleye : LHP Ids Knegt
|
Batting: RHB Tommy Caplinger
|
0-0: Fly out, F8 (Line Drive, 89M)
|
Batting: RHB Vince Staples
|
0-0: Called Strike 0-1: Ball 1-1: Ball 2-1: Foul Ball, location: 2F 2-2: Ground out 4-3 (Groundball, 4)
|
Batting: LHB Juan Jimínez
|
0-0: Called Strike 0-1: Called Strike 0-2: Foul Ball, location: 2F 0-2: Foul Ball, location: 2F 0-2: Foul Ball, location: 2F 0-2: Foul Ball, location: 2F 0-2: Ball 1-2: Ground out U3 (Groundball, 34S)
|
Bottom of the 2nd over - 0 run(s), 0 hit(s), 0 error(s), 0 left on base; Walla Walla 2 - Syracuse 0 |
TOP OF THE 3RD |
Walla Walla Walleye batting - Pitching for Syracuse Storm : RHP Matthew Fallows
|
Batting: RHB Armaan Ebrahim
|
0-0: Called Strike 0-1: Ball 1-1: Ball 2-1: Foul Ball, location: 2F 2-2: Foul Ball, location: 2F 2-2: Ball 3-2: Fly out, F8 (Flyball, 89D)
|
Batting: RHB Ramón Yniguez
|
0-0: Ball 1-0: Ball 2-0: Ground out 4-3 (Groundball, 4M)
|
Batting: RHB Luis Delvalle
|
0-0: Called Strike 0-1: Foul Ball, location: 2F 0-2: Strikes out looking
|
Top of the 3rd over - 0 run(s), 0 hit(s), 0 error(s), 0 left on base; Walla Walla 2 - Syracuse 0 |
BOTTOM OF THE 3RD |
Syracuse Storm batting - Pitching for Walla Walla Walleye : LHP Ids Knegt
|
Batting: RHB Harry MacCash
|
0-0: Foul Ball, location: 2F 0-1: Swinging Strike 0-2: Strikes out swinging
|
Batting: RHB Aethelwulf Haraldson
|
0-0: Foul Ball, location: 2F 0-1: Ball 1-1: Ball 2-1: Fly out, F8 (Flyball, 8RS)
|
Batting: RHB Tsuginori Kobayashi
|
0-0: Ball 1-0: Fly out, F8 (Flyball, 8LS)
|
Bottom of the 3rd over - 0 run(s), 0 hit(s), 0 error(s), 0 left on base; Walla Walla 2 - Syracuse 0 |
TOP OF THE 4TH |
Walla Walla Walleye batting - Pitching for Syracuse Storm : RHP Matthew Fallows
|
Batting: LHB Bennett Whitford
|
0-0: Ball 1-0: Ball 2-0: Called Strike 2-1: SINGLE (Groundball, 4MD)
|
Batting: RHB Shuichi Saito
|
0-0: Swinging Strike 0-1: Ball 1-1: Foul Ball, location: 2F 1-2: Ball 2-2: TRIPLE (Flyball, 9LM) Bennett Whitford scores
|
Batting: RHB Icarus Giannopolous
|
0-0: Swinging Strike 0-1: Fly out, F7 (Flyball, 78S) Runner from 3rd tags up, SCORES, no throw
|
Batting: SHB Carlos Samaniego
|
0-0: DOUBLE (Line Drive, 7LM)
|
Batting: RHB Cody Jaeckel
|
0-0: SINGLE (Line Drive, 7S) Carlos Samaniego to third Runner from 3rd tries for Home, SAFE, throw made home Cody Jaeckel to second
|
Batting: RHB Jimmy Fick
|
0-0: Foul Ball, location: 2F 0-1: Ball 1-1: Swinging Strike 1-2: Ball 2-2: Ground out 5-3 (Groundball, 5S) Cody Jaeckel to third
|
Batting: RHB Armaan Ebrahim
|
0-0: Swinging Strike 0-1: SINGLE (Line Drive, 4MD) Cody Jaeckel scores
|
Batting: RHB Ramón Yniguez
|
0-0: Ball 1-0: Called Strike 1-1: Ball Armaan Ebrahim steals 2nd base 2-1: 2-RUN HOME RUN (Flyball, 7LD), Distance : 347 ft
|
Pitching: RHP Armando Cruz
|
|
Batting: RHB Luis Delvalle
|
0-0: Called Strike 0-1: Ball 1-1: Ball 2-1: Ball 3-1: Foul Ball, location: 2F 3-2: Foul Ball, location: 2F 3-2: Foul Ball, location: 2F 3-2: Base on Balls
|
Batting: LHB Bennett Whitford
|
0-0: Swinging Strike 0-1: Ball 1-1: Foul Ball, location: 2F 1-2: Ball 2-2: SINGLE (Line Drive, 8RS) Luis Delvalle to second
|
Batting: RHB Shuichi Saito
|
0-0: Swinging Strike 0-1: Called Strike 0-2: Ball 1-2: Ball 2-2: Ball 3-2: Strikes out swinging
|
Top of the 4th over - 6 run(s), 7 hit(s), 0 error(s), 2 left on base; Walla Walla 8 - Syracuse 0 |
BOTTOM OF THE 4TH |
Syracuse Storm batting - Pitching for Walla Walla Walleye : LHP Ids Knegt
|
Batting: LHB Juan Caro
|
0-0: Ball 1-0: SINGLE (Line Drive, 7S)
|
Batting: LHB António Paez
|
Pickoff Throw to First - Out! 0-0: Ball 1-0: Ground out 6-3 (Groundball, 6MS)
|
Batting: RHB Scotty Smalls
|
0-0: Called Strike 0-1: Foul Ball, location: 2F 0-2: Foul Ball, location: 2F 0-2: Ball 1-2: Ball 2-2: Foul Ball, location: 2F 2-2: Strikes out looking
|
Bottom of the 4th over - 0 run(s), 1 hit(s), 0 error(s), 0 left on base; Walla Walla 8 - Syracuse 0 |
TOP OF THE 5TH |
Walla Walla Walleye batting - Pitching for Syracuse Storm : RHP Armando Cruz
|
Batting: RHB Icarus Giannopolous
|
0-0: Ball 1-0: Called Strike 1-1: Foul Ball, location: 2F 1-2: Foul Ball, location: 2F 1-2: Foul Ball, location: 2F 1-2: Hit by Pitch
|
Batting: SHB Carlos Samaniego
|
0-0: Called Strike 0-1: SINGLE (Flyball, 89S) Icarus Giannopolous to second
|
Batting: RHB Cody Jaeckel
|
0-0: Called Strike 0-1: Ball 1-1: DOUBLE (Line Drive, 7LM) Icarus Giannopolous scores Carlos Samaniego to third
|
Batting: RHB Jimmy Fick
|
0-0: Ball 1-0: Ball 2-0: Ball 3-0: Base on Balls
|
Batting: RHB Armaan Ebrahim
|
0-0: Foul Ball, location: 2F 0-1: Fly out, F8 (Flyball, 8RD) Runner from 3rd tags up, SCORES, no throw Cody Jaeckel to third
|
Batting: RHB Ramón Yniguez
|
0-0: Ball 1-0: Called Strike 1-1: Foul Ball, location: 2F 1-2: Foul Ball, location: 2F 1-2: DOUBLE (Line Drive, 7LM) Cody Jaeckel scores Jimmy Fick to third Runner from 3rd tries for Home, throw and OUT! Ramón Yniguez to third
|
Batting: RHB Luis Delvalle
|
0-0: Called Strike 0-1: Swinging Strike 0-2: Strikes out swinging
|
Top of the 5th over - 3 run(s), 3 hit(s), 0 error(s), 1 left on base; Walla Walla 11 - Syracuse 0 |
BOTTOM OF THE 5TH |
Syracuse Storm batting - Pitching for Walla Walla Walleye : LHP Ids Knegt
|
Batting: RHB Tommy Caplinger
|
0-0: Called Strike 0-1: Called Strike 0-2: Foul Ball, location: 2F 0-2: Ball 1-2: Fly out, F8 (Flyball, 8RS)
|
Batting: RHB Vince Staples
|
0-0: Called Strike 0-1: Swinging Strike 0-2: Ball 1-2: SINGLE (Groundball, 34S) (infield hit)
|
Batting: LHB Juan Jimínez
|
0-0: Called Strike 0-1: Foul Ball, location: 2F 0-2: Ball 1-2: Ball 2-2: Ball 3-2: Strikes out swinging
|
Batting: RHB Harry MacCash
|
0-0: Called Strike 0-1: Ball 1-1: Ball 2-1: Ball 3-1: Fly out, F8 (Flyball, 8LS)
|
Bottom of the 5th over - 0 run(s), 1 hit(s), 0 error(s), 1 left on base; Walla Walla 11 - Syracuse 0 |
TOP OF THE 6TH |
Walla Walla Walleye batting - Pitching for Syracuse Storm : RHP Armando Cruz
|
Batting: LHB Bennett Whitford
|
0-0: Ball 1-0: Ball 2-0: Called Strike 2-1: Fly out, F7 (Flyball, 7)
|
Batting: RHB Shuichi Saito
|
0-0: Called Strike 0-1: Ball 1-1: Ball 2-1: Swinging Strike 2-2: Foul Ball, location: 2F 2-2: Foul Ball, location: 2F 2-2: Ball 3-2: Strikes out swinging
|
Batting: RHB Icarus Giannopolous
|
0-0: Ball 1-0: Foul Ball, location: 2F 1-1: Called Strike 1-2: DOUBLE (Flyball, 78D)
|
Batting: SHB Carlos Samaniego
|
0-0: Called Strike 0-1: Called Strike 0-2: Ball 1-2: Strikes out swinging
|
Top of the 6th over - 0 run(s), 1 hit(s), 0 error(s), 1 left on base; Walla Walla 11 - Syracuse 0 |
BOTTOM OF THE 6TH |
Syracuse Storm batting - Pitching for Walla Walla Walleye : LHP Ids Knegt
|
Batting: RHB Aethelwulf Haraldson
|
0-0: Ball 1-0: Ball 2-0: Ground out 6-3 (Groundball, 6)
|
Batting: RHB Tsuginori Kobayashi
|
0-0: Called Strike 0-1: Ball 1-1: Swinging Strike 1-2: Ball 2-2: Foul Ball, location: 2F 2-2: Ball 3-2: Base on Balls
|
Batting: LHB Juan Caro
|
0-0: Called Strike 0-1: Swinging Strike 0-2: Ball 1-2: Foul Ball, location: 2F 1-2: Fly out, F9 (Flyball, 9LM)
|
Batting: LHB António Paez
|
0-0: Called Strike Tsuginori Kobayashi is caught stealing 2nd base
|
Bottom of the 6th over - 0 run(s), 0 hit(s), 0 error(s), 0 left on base; Walla Walla 11 - Syracuse 0 |
TOP OF THE 7TH |
Walla Walla Walleye batting - Pitching for Syracuse Storm : RHP Armando Cruz
|
Batting: RHB Cody Jaeckel
|
0-0: Ball 1-0: Foul Ball, location: 2F 1-1: Ball 2-1: Ball 3-1: Base on Balls
|
Batting: RHB Jimmy Fick
|
0-0: Called Strike 0-1: Called Strike 0-2: Ball 1-2: Hit by Pitch Cody Jaeckel to second
|
Batting: RHB Armaan Ebrahim
|
0-0: Ball 1-0: Ball 2-0: Called Strike 2-1: Foul Ball, location: 2F 2-2: Strikes out swinging
|
Batting: RHB Ramón Yniguez
|
0-0: Fly out, F7 (Flyball, 78M)
|
Batting: RHB Luis Delvalle
|
0-0: Fly out, F8 (Flyball, 8RM)
|
Top of the 7th over - 0 run(s), 0 hit(s), 0 error(s), 2 left on base; Walla Walla 11 - Syracuse 0 |
BOTTOM OF THE 7TH |
Syracuse Storm batting - Pitching for Walla Walla Walleye : LHP Ids Knegt
|
Batting: LHB António Paez
|
0-0: Ground out 4-3 (Groundball, 4MD)
|
Batting: RHB Scotty Smalls
|
0-0: Ball 1-0: Ball 2-0: Called Strike 2-1: TRIPLE (Line Drive, 9LS)
|
Batting: RHB Tommy Caplinger
|
0-0: Ball 1-0: Foul Ball, location: 2F 1-1: Called Strike 1-2: Strikes out swinging
|
Batting: RHB Vince Staples
|
0-0: Ball 1-0: Ball 2-0: Foul Ball, location: 2F 2-1: Ball 3-1: DOUBLE (Groundball, 5L) Scotty Smalls scores
|
Batting: LHB Juan Jimínez
|
0-0: Ball 1-0: Ball 2-0: Called Strike 2-1: Swinging Strike 2-2: Foul Ball, location: 2F 2-2: Foul Ball, location: 2F 2-2: Ball 3-2: Foul Ball, location: 2F 3-2: Foul Ball, location: 2F 3-2: Ground out U3 (Groundball, 3)
|
Bottom of the 7th over - 1 run(s), 2 hit(s), 0 error(s), 1 left on base; Walla Walla 11 - Syracuse 1 |
TOP OF THE 8TH |
Walla Walla Walleye batting - Pitching for Syracuse Storm : RHP Armando Cruz
|
Batting: LHB Bennett Whitford
|
0-0: Ball 1-0: Called Strike 1-1: Ball 2-1: Foul Ball, location: 2F 2-2: Fly out, F5 (Popup, 5L)
|
Batting: RHB Shuichi Saito
|
0-0: Ball 1-0: Ball 2-0: Called Strike 2-1: Foul Ball, location: 2F 2-2: Foul Ball, location: 2F 2-2: Strikes out swinging
|
Batting: RHB Icarus Giannopolous
|
0-0: Called Strike 0-1: Swinging Strike 0-2: Ground out 5-3 (Groundball, 56S)
|
Top of the 8th over - 0 run(s), 0 hit(s), 0 error(s), 0 left on base; Walla Walla 11 - Syracuse 1 |
BOTTOM OF THE 8TH |
Syracuse Storm batting - Pitching for Walla Walla Walleye : LHP Ids Knegt
|
Pitching: RHP Martyn Drdio
|
|
Batting: RHB Harry MacCash
|
0-0: Foul Ball, location: 2F 0-1: Swinging Strike 0-2: Ball 1-2: Foul Ball, location: 2F 1-2: Ball 2-2: Ground out 1-3 (Groundball, 13)
|
Batting: RHB Aethelwulf Haraldson
|
0-0: Ball 1-0: Fly out, F8 (Flyball, 89M)
|
Batting: RHB Tsuginori Kobayashi
|
0-0: Ball 1-0: Foul Ball, location: 2F 1-1: SOLO HOME RUN (Flyball, 7D), Distance : 391 ft
|
Batting: LHB Juan Caro
|
0-0: Fly out, F9 (Flyball, 9LMF)
|
Bottom of the 8th over - 1 run(s), 1 hit(s), 0 error(s), 0 left on base; Walla Walla 11 - Syracuse 2 |
TOP OF THE 9TH |
Walla Walla Walleye batting - Pitching for Syracuse Storm : RHP Armando Cruz
|
Batting: SHB Carlos Samaniego
|
0-0: Called Strike 0-1: Ball 1-1: Swinging Strike 1-2: Foul Ball, location: 2F 1-2: Strikes out swinging
|
Batting: RHB Cody Jaeckel
|
0-0: Ball 1-0: Fly out, F8 (Flyball, 78M)
|
Batting: RHB Jimmy Fick
|
0-0: Ball 1-0: Ball 2-0: Ball 3-0: Called Strike 3-1: Ground out 6-3 (Groundball, 56)
|
Top of the 9th over - 0 run(s), 0 hit(s), 0 error(s), 0 left on base; Walla Walla 11 - Syracuse 2 |
BOTTOM OF THE 9TH |
Syracuse Storm batting - Pitching for Walla Walla Walleye : RHP Martyn Drdio
|
Batting: LHB António Paez
|
0-0: Ground out 4-3 (Groundball, 4)
|
Batting: RHB Scotty Smalls
|
0-0: Ball 1-0: Foul Ball, location: 2F 1-1: Ball 2-1: Ball 3-1: Ground out 6-3 (Groundball, 6)
|
Batting: RHB Tommy Caplinger
|
0-0: Foul Ball, location: 2F 0-1: Ball 1-1: Called Strike 1-2: Foul Ball, location: 2F 1-2: Strikes out swinging
|
Bottom of the 9th over - 0 run(s), 0 hit(s), 0 error(s), 0 left on base; Walla Walla 11 - Syracuse 2 |
|